 Dungeon Crawl Stone Soup version 0.22-b1-21-g5cfc168 (webtiles) character file.

157 tyranidshit the Skirmisher (level 5, 0/46 HPs)
             Began as a Demonspawn Abyssal Knight on Aug 5, 2018.
             Was a Believer of Lugonu.
             Killed by nerve-wracking pain
             ... invoked by Grinder
              (14 damage)
             ... on level 3 of the Dungeon.
             The game lasted 00:06:43 (2518 turns).

tyranidshit the Skirmisher (DsAK)                   Turns: 2518, Time: 00:06:44

Health: 0/46       AC:  8    Str: 13    XL:     5   Next: 15%
Magic:  6/6        EV:  6    Int: 14    God:    Lugonu [**....]
Gold:   155        SH:  0    Dex: 12    Spells: 4/4 levels left

rFire    + . .     SeeInvis .   l - +0 war axe (drain)
rCold    + . .     Gourm    .   (no shield)
rNeg     . . .     Faith    .   j - +0 chain mail
rPois    .         Spirit   .   (helmet restricted)
rElec    .         Reflect  .   g - scarf {rC+ rF+}
rCorr    .         Harm     .   (no gloves)
MR       .....                  (no boots)
Stlth    ..........             d - amulet of regeneration
HPRegen  0.55/turn              (no ring)
MPRegen  0.10/turn              (no ring)

@: no status effects
A: antennae 2, powered by pain 1
a: Depart the Abyss, Bend Space, Renounce Religion


You were on level 3 of the Dungeon.
You worshipped Lugonu.
Lugonu was pleased with you.
You were not hungry.

You visited 1 branch of the dungeon, and saw 4 of its levels.
You visited the Abyss 1 time.

You collected 155 gold pieces.

Inventory:

Hand Weapons
 a - a +1 hand axe
 l - a +0 war axe of draining (weapon)
Armour
 f - a +0 cloak
 g - a scarf of resistance (worn)
 j - a +0 chain mail (worn)
Jewellery
 d - an amulet of regeneration (around neck)
Scrolls
 e - 2 scrolls of magic mapping
 h - 3 scrolls of identify
 i - a scroll of amnesia
 k - a scroll of remove curse
Potions
 b - 3 potions of curing
Comestibles
 c - 9 rations


   Skills:
 + Level 5.9 Fighting
 - Level 1.7 Axes
 - Level 1.7 Armour
 - Level 0.8 Dodging
 - Level 2.4 Invocations


You had 4 spell levels left.
You didn't know any spells.
Your spell library was empty.

Dungeon Overview and Level Annotations

Branches:
Dungeon (4/15)
 Temple: D:4-7

Altars:
Yredelemnul

Annotations:
D:3 Grinder


Innate Abilities, Weirdness & Mutations

You have a pair of antennae on your head.
You sometimes gain a little power by taking damage.


Message History

There is a stone staircase leading down, spattered with blood here.
You feel better. Grinder hits you but does no damage. Grinder gestures at you.
Pain shoots through your body!
Unknown command.
Grinder blinks!
Grinder blinks!
Grinder gestures at you. You resist with significant effort.
You closely miss Grinder.
Grinder is moderately wounded.
Grinder says, "Just stop there for a second..."
Grinder hits you.
You writhe in agony.
Grinder hits you!
* * * LOW HITPOINT WARNING * * *
You writhe in agony.
* * * LOW HITPOINT WARNING * * *
You feel better. Grinder gestures at you. Pain shoots through your body!
You die...

.#.#........############
................).....>#
.#.#....##############.#
...+....# ####.#
##.#....######### #....#
##.........#....# #.####
...........#.##.# #.#
.....#+#...+..#.###.#
.....#.#...#..#.@5..#
.....#.#...+.########
.....#.#...#.#
.....#.#...#.#
.....#.#####.#
...รท.'.......#
.....#.#######
##.........# #.........#


You could see Grinder.

Vanquished Creatures
  2 worker ants (D:3)
  3 adders
  2 worms
  2 dart slugs
  4 leopard geckos
  2 giant cockroaches
  7 goblins
  5 hobgoblins
  13 jackals
  7 kobolds
  2 quokkas
  2 ball pythons (D:3)
  8 bats
  3 frilled lizards
  9 rats
71 creatures vanquished.

Notes
Turn   | Place    | Note
-------+----------+-------------------------------------------
     0 | Abyss:1  | tyranidshit the Demonspawn Abyssal Knight began the quest for the Orb.
     0 | Abyss:1  | Reached XP level 1. HP: 18/18 MP: 2/2
    26 | Abyss:1  | Noticed a raiju
    43 | Abyss:1  | Noticed a spatial vortex
    44 | Abyss:1  | Noticed a spatial vortex
    44 | Abyss:1  | Noticed a spatial vortex
    45 | Abyss:1  | Noticed a spatial vortex
    45 | Abyss:1  | Noticed a spatial vortex
    45 | Abyss:1  | Noticed a spatial vortex
    51 | Abyss:1  | Noticed a spatial vortex
    57 | Abyss:1  | Noticed a soul eater
    60 | Abyss:1  | Noticed a quasit
    62 | Abyss:1  | Noticed a small abomination
    64 | D:1      | Escaped the Abyss
   512 | D:1      | Gained mutation: You have a pair of small antennae on your head. [demonic ancestry]
   512 | D:1      | Reached XP level 2. HP: 21/24 MP: 3/3
   773 | D:1      | Reached * piety under Lugonu
   774 | D:1      | Reached skill level 4 in Fighting
  1253 | D:2      | Gained mutation: You have a pair of antennae on your head. [demonic ancestry]
  1253 | D:2      | Reached XP level 3. HP: 14/30 MP: 4/4
  1601 | D:2      | Gained mutation: You sometimes gain a little power by taking damage. [demonic ancestry]
  1601 | D:2      | Reached XP level 4. HP: 38/38 MP: 5/5
  1625 | D:2      | Reached skill level 5 in Fighting
  1979 | D:3      | Reached ** piety under Lugonu
  2173 | D:3      | Reached XP level 5. HP: 30/46 MP: 6/6
  2185 | D:3      | Found a basalt altar of Yredelemnul.
  2450 | D:4      | Noticed Grinder
  2466 | D:3      | Paralysed by Grinder for 7 turns
  2489 | D:3      | Paralysed by Grinder for 4 turns
  2518 | D:3      | Killed from afar by Grinder

Skill      XL: |  1  2  3  4 |
---------------+-------------+-----
Fighting       | 4 5 |  5.9
Axes           | |  1.7
Armour         | |  1.7
Dodging        | |  0.8
Invocations    | |  2.4

Action                   |  1- 3 |  4- 6 || total
-------------------------+-------+-------++-------
Melee: Hand axe          |   149 |    94 ||   243
       War axe           |       |    27 ||    27
Invok: Depart the Abyss  |     1 |       ||     1
  Use: Scroll            |     5 |     1 ||     6
       Potion            |     3 |     4 ||     7
 Stab: Sleeping          |     1 |       ||     1
  Eat: Ration            |     1 |     1 ||     2
Armor: Leather armour    |     9 |       ||     9
       Ring mail         |    23 |       ||    23
       Chain mail        |    97 |   130 ||   227
Dodge: Dodged            |    76 |    57 ||   133
